 Dungeon Crawl Stone Soup version 0.22-a0-265-g0d8bc90 (webtiles) character file.

616 JeffiDaFish the Firebug (level 7, -2/37 HPs)
             Began as a Tengu Fire Elementalist on Mar 7, 2018.
             Was an Initiate of Vehumet.
             Killed by divine providence
             ... invoked by an orc priest
              (10 damage)
             ... on level 4 of the Dungeon.
             The game lasted 00:14:33 (5018 turns).

JeffiDaFish the Firebug (Tengu Fire Elementalist)   Turns: 5018, Time: 00:14:33

Health: -2/37      AC:  3    Str:  9    XL:     7   Next: 45%
Magic:  6/14       EV: 13    Int: 17    God:    Vehumet [......]
Gold:   185        SH:  0    Dex: 14    Spells: 6/14 levels left

rFire    . . .     SeeInvis .   f - +3 short sword (distort)
rCold    + . .     Gourm    .   (no shield)
rNeg     . . .     Faith    .   a - +1 robe
rPois    .         Spirit   .   (helmet restricted)
rElec    .         Reflect  .   (no cloak)
rCorr    .         Harm     .   (no gloves)
MR       .....                  (boots unavailable)
Stlth    ++........             (no amulet)
HPRegen  0.12/turn              g - ring of protection from cold
MPRegen  0.14/turn              (no ring)

@: no status effects
A: beak, talons 3, able to fly 1
a: Fly, Renounce Religion


You were on level 4 of the Dungeon.
You worshipped Vehumet.
Vehumet was noncommittal.
You were not hungry.

You visited 2 branches of the dungeon, and saw 5 of its levels.

You collected 185 gold pieces.

Inventory:

Hand Weapons
 f - a +3 short sword of distortion (weapon)
Armour
 a - a +1 robe (worn)
 j - a +1 leather armour of fire resistance
 l - a +0 robe of magic resistance
Jewellery
 g - a ring of protection from cold (left hand)
Scrolls
 b - 6 scrolls of remove curse
 d - 4 scrolls of teleportation
 e - 3 scrolls of identify
 m - a scroll of amnesia
Potions
 h - a potion of brilliance
 i - a potion of flight {unknown}
 k - a potion of cancellation
Comestibles
 c - 7 rations
 n - a chunk of flesh


   Skills:
 - Level 0.6 Fighting
 - Level 2.2 Short Blades
 + Level 3.1 Dodging
 - Level 3.5 Stealth
 * Level 4.0 Spellcasting
 + Level 3.6 Conjurations
 * Level 5.7 Fire Magic


You had 6 spell levels left.
You knew the following spells:

 Your Spells              Type           Power        Failure   Level  Hunger
a - Flame Tongue          Conj/Fire      ###..        2%          1    None
b - Conjure Flame         Conj/Fire      ###.....     7%          3    ###....
c - Sticky Flame          Conj/Fire      ###.....     22%         4    ####...


Dungeon Overview and Level Annotations

Branches:
Dungeon (4/15)             Temple (1/1) D:4

Altars:
Cheibriados
Elyvilon
Fedhas
Gozag
Hepliaklqana
Okawaru
Qazlal
Ru
Sif Muna
Trog
Uskayaw
Vehumet
Xom
Yredelemnul
Zin


Innate Abilities, Weirdness & Mutations

You have a beak for a mouth.
You have claws for feet.
You can fly.


Message History

The orc priest shouts!
Casting: Flame Tongue (safe; 2% risk of failure)
Confirm with . or Enter, or press ? or * to list all spells.
Aiming: Flame Tongue (safe; 2% risk of failure)
Press: ? - help, Shift-Dir - straight line, f/p - orc priest
Aim: an orc priest, wielding a trident and wearing a dyed leather armour (moderately wounded)
The flame tongue hits the orc priest.
The orc priest appears unharmed.
The orc priest is moderately wounded.
The orc priest hits you from afar with a trident.
* * * LOW HITPOINT WARNING * * *
Casting: Flame Tongue (safe; 2% risk of failure)
Confirm with . or Enter, or press ? or * to list all spells.
Aiming: Flame Tongue (safe; 2% risk of failure)
Press: ? - help, Shift-Dir - straight line, f/p - orc priest
Aim: an orc priest, wielding a trident and wearing a dyed leather armour (moderately wounded)
The flame tongue hits the orc priest.
The orc priest is heavily wounded.
The orc priest mumbles some strange prayers to Beogh against you.
Beogh smites you!
You die...

....# #.# .#
....# #.# .#
.##.#.
###.######## .#
......
#..........# .#
.##.##
#.#.###.#####.#.#
.##.# #.#.#
#...)...... .##.#
#.#.# #(####.##.#
..#.#
#.#.###.####..#
....#
#.#.....)@(o..#
.##.#
#.##########..#
.##.## #.# #..#
.....###.# #..#
##....##.# #..#
##...##.########
#...
##..##........#
#.##.
##..########.#
#.# . ##..# #.#


You could see an orc priest.

Vanquished Creatures
  Grinder (D:3)
  3 orc priests
  2 orc wizards (D:3)
  Jessica (D:3)
  Terence (D:3)
  2 worker ants (D:4)
  4 gnolls (D:2)
  7 adders
  2 worms (D:3)
  2 dart slugs
  2 leopard geckos
  8 orcs
  A giant cockroach (D:3)
  5 goblins
  6 hobgoblins
  5 jackals
  12 kobolds
  A ball python (D:1)
  9 bats
  5 frilled lizards
  5 rats
84 creatures vanquished.

Vanquished Creatures (others)
  A giant cockroach (D:4)
1 creature vanquished.

Grand Total: 85 creatures vanquished

Notes
Turn   | Place    | Note
-------+----------+-------------------------------------------
     0 | D:1      | JeffiDaFish the Tengu Fire Elementalist began the quest for the Orb.
     0 | D:1      | Reached XP level 1. HP: 10/10 MP: 4/4
   462 | D:1      | Reached XP level 2. HP: 13/15 MP: 1/6
   917 | D:1      | Reached XP level 3. HP: 19/19 MP: 7/7
   950 | D:1      | Reached skill level 4 in Fire Magic
  1397 | D:2      | Learned a level 3 spell: Conjure Flame
  1414 | D:2      | Found a stormy altar of Qazlal.
  1437 | D:2      | Found a deep blue altar of Sif Muna.
  2122 | D:2      | Reached skill level 1 in Short Blades
  2185 | D:2      | Reached XP level 4. HP: 24/24 MP: 5/8
  2763 | D:2      | Gained mutation: You can fly. [Tengu growth]
  2763 | D:2      | Reached XP level 5. HP: 28/28 MP: 10/10
  2772 | D:2      | Learned a level 4 spell: Sticky Flame
  3087 | D:3      | Noticed Jessica
  3098 | D:3      | Killed Jessica
  3753 | D:3      | Noticed Terence
  3770 | D:3      | Killed Terence
  3770 | D:3      | Reached XP level 6. HP: 6/33 MP: 1/11
  4078 | D:3      | Found a deep blue altar of Sif Muna.
  4087 | D:3      | Noticed Grinder
  4093 | D:3      | Killed Grinder
  4093 | D:3      | Reached skill level 5 in Fire Magic
  4477 | D:3      | Reached XP level 7. HP: 34/37 MP: 9/13
  4482 | D:3      | Identified Sif Muna's Reference Book on the Escort
  4800 | D:4      | Found a staircase to the Ecumenical Temple.
  4805 | Temple   | Entered the Ecumenical Temple
  4846 | Temple   | Became a worshipper of Vehumet
  5018 | D:4      | Killed from afar by an orc priest

Vault maps used:
D:1:      saegor_arrival_simple_a, minivault_19, minmay_bisected
D:2:      overflow_temple_1_default, grunt_qazlal_sundering
D:3:      hangedman_decor_growths, led_sif_book, uniq_terence, uniq_grinder,
          uniq_jessica
D:4:      minmay_temple_entry_butterflies, first_ration,
          nemelex_spade_bored_becter
Temple:   compressed_dpeg_circular_temple

Skill      XL: |  1  2  3  4  5  6  7 |
---------------+----------------------+-----
Fire Magic     | 4 5 |  5.7
Short Blades   | 1 2 |  2.2
Conjurations   | 2 3 |  3.6
Stealth        | 3 |  3.5
Spellcasting   | 3 4 |  4.0
Dodging        | 3 |  3.1
Fighting       | |  0.6

Action                   |  1- 3 |  4- 6 |  7- 9 || total
-------------------------+-------+-------+-------++-------
Melee: Short sword       |    31 |    28 |    14 ||    73
       Peck              |     3 |     5 |       ||     8
       Unarmed           |     2 |       |       ||     2
       Kick              |     4 |     4 |     2 ||    10
 Cast: Flame Tongue      |    30 |    39 |    17 ||    86
       Sticky Flame      |       |     3 |     3 ||     6
 Abil: Fly               |       |       |     1 ||     1
  Use: Scroll            |     7 |     5 |     1 ||    13
       Potion            |     4 |       |       ||     4
 Stab: Sleeping          |     5 |     4 |     1 ||    10
       Distracted        |     1 |       |       ||     1
  Eat: Chunk             |     4 |     6 |     1 ||    11
       Ration            |       |     1 |       ||     1
Armor: Robe              |     3 |     5 |     2 ||    10
Dodge: Dodged            |    30 |    30 |     5 ||    65

Table legend:
 A = Spawn XP
 B = Non-spawn XP
 C = Spawn XP percentage of total XP
 D = Spawn monster count
 E = Non-spawn monster count
 F = Spawn count percentage of total count
 G = Total turns spent on level
                    A         B        C        D         E        F      G
               +---------+---------+-------+---------+---------+-------+---------
         Total |       0 |     881 |   0.0 |       0 |      85 |   0.0 |  5018
               +---------+---------+-------+---------+---------+-------+---------
           D:1 |       0 |      42 |   0.0 |       0 |      25 |   0.0 |  1668
           D:2 |       0 |     127 |   0.0 |       0 |      24 |   0.0 |  1270
           D:3 |       0 |     520 |   0.0 |       0 |      23 |   0.0 |  1689
           D:4 |       0 |     192 |   0.0 |       0 |      13 |   0.0 |   339
               +---------+---------+-------+---------+---------+-------+---------
